 Dungeon Crawl Stone Soup version 0.29-a0-88-g03a7b78be7 (webtiles) character file.

Game seed: 7868422192280861737

14 enile the Ruffian (level 2, -6/25 HPs)
             Began as a Minotaur Wanderer on Feb 5, 2022.
             Was a Follower of Zin.
             Mangled by a worm (9 damage)
             ... on level 2 of the Dungeon.
             The game lasted 00:01:07 (1301 turns).

enile the Ruffian (Minotaur Wanderer)               Turns: 1301, Time: 00:01:07

Health: -6/25      AC:  3    Str: 14    XL:     2   Next: 31%
Magic:  2/2        EV: 10    Int:  7    God:    Zin [*.....]
Gold:   0          SH:  4    Dex: 13    Spells: 2/3 levels left

rFire   . . .      SeeInvis .   f - +0 spear
rCold   . . .      Faith    .   c - +0 buckler
rNeg    . . .      Spirit   .   d - +0 leather armour
rPois   .          Reflect  .   (helmet restricted)
rElec   .          Harm     .   (no cloak)
rCorr   .          Rampage  .   (no gloves)
Will    .....                   (no boots)
Stlth   +.........              (no amulet)
HPRegen 0.08/turn               (no ring)
MPRegen 0.08/turn               (no ring)

@: no status effects
A: horns 2, retaliatory headbutt
a: Renounce Religion, Recite, Donate Gold


You were on level 2 of the Dungeon.
You worshipped Zin.
Zin was aware of your devotion.
You visited 1 branch of the dungeon, and saw 2 of its levels.

Inventory:

Hand Weapons
 a - a +0 club
 f - a +0 spear (weapon)
Armour
 c - a +0 buckler (worn)
 d - a +0 leather armour (worn)
Potions
 b - a potion of heal wounds
 e - a potion of invisibility
 g - a potion of resistance {unknown}
 h - a potion of brilliance {unknown}


   Skills:
 + Level 2.5 Fighting
 - Level 2.5 Armour
 - Level 1.0 Stealth
 - Level 1.3 Shields
 - Level 3.3 Unarmed Combat
 - Level 1.0 Spellcasting
 - Level 1.0 Conjurations


You had 2 spell levels left.
You knew the following spells:

 Your Spells              Type           Power      Damage    Failure   Level
a - Shock                 Conj/Air       4%         1d3       50%         1

Your spell library contained the following spells:

 Spells                   Type           Power      Damage    Failure   Level
 Mephitic Cloud           Conj/Pois/Air  0%         N/A       88%         3


Dungeon Overview and Level Annotations

Branches:
Dungeon (2/15)

Altars:
Zin


Innate Abilities, Weirdness & Mutations

You have a pair of horns on your head.
You reflexively headbutt those who attack you in melee.


Message History

The worm is moderately wounded.
The worm bites you.
You hit the worm but do no damage.
The worm is lightly wounded.
You hit the worm.
The worm is heavily wounded.
You block the worm's attack.
You hit the worm.
The worm is heavily wounded.
The worm misses you.
You hit the worm but do no damage.
The worm is moderately wounded.
You barely miss the worm.
The worm is moderately wounded.
The worm bites you.
You hit the worm.
The worm is heavily wounded.
The worm bites you!
You are too injured to fight recklessly!
You are too injured to fight recklessly!
A worm is nearby!
A worm is nearby!
A worm is nearby!
You are too injured to fight recklessly!
You hit the worm.
You headbutt the worm, but do no damage.
The worm is heavily wounded.
You hit the worm. Your headbutt misses the worm.
The worm is heavily wounded.
The worm bites you!
* * * LOW HITPOINT WARNING * * *
You hit the worm.
The worm is severely wounded.
The worm bites you but does no damage.
You hit the worm.
The worm is almost dead.
You barely miss the worm.
The worm is almost dead.
The worm bites you!
You die...

###### #....#
######+##
#.##.###........
#.#....'........
#.#..###.....<..
#.#..#<.......#.
#.###########.#.#.
#.........###.....
#########.@w......
#..#$###.##
#...#.# #.#.#.#
#...#.# ##..#.#
.....# ..> ..


You could see a worm.

Vanquished Creatures
  A dart slug (D:1)
  2 endoplasms
  A goblin (D:1)
  2 hobgoblins (D:1)
  A ball python (D:1)
  A bat (D:1)
  3 kobolds (D:1)
  A rat (D:1)
12 creatures vanquished.

Notes
Turn   | Place    | Note
-------+----------+-------------------------------------------
     0 | D:1      | enile the Minotaur Wanderer began the quest for the Orb.
     0 | D:1      | enile set off with the following items: a +0 club, a potion
                  | of heal wounds, a +0 buckler, a +0 leather armour, a potion
                  | of invisibility; and the following spell memorised: Shock;
                  | and the following spells available to memorise: Mephitic
                  | Cloud
     0 | D:1      | Reached XP level 1. HP: 16/16 MP: 1/1
   159 | D:1      | Found a faded altar of an unknown god.
   294 | D:1      | Prayed at the altar of an unknown god.
   294 | D:1      | Became a worshipper of Zin the Law-Giver
   294 | D:1      | Reached * piety under Zin
   903 | D:1      | Reached XP level 2. HP: 15/24 MP: 2/2
  1301 | D:2      | Mangled by a worm

Illustrated notes

Levels and vault maps discovered:
D:1:      scummos_arrival_forest, layout_basic,
          chequers_ecumenical_altar_island, st_stairs_9
D:2:      minmay_door_path, layout_basic

Skill      XL: |  1 |
---------------+----+-----
Fighting       | 2 |  2.5
Armour         | |  2.5
Stealth        | |  1.0
Shields        | |  1.3
Unarmed Combat | |  3.3
Spellcasting   | |  1.0
Conjurations   | |  1.0

Action                   || total
-------------------------++-------
Melee: Spear             ||    45
       Headbutt          ||     7
       Club              ||     1
 Stab: Sleeping          ||     1
Armor: Leather armour    ||     7
Dodge: Dodged            ||     7
Block: Buckler           ||     3

Table legend: (Time is in decaauts)
 A = Elapsed time spent in this place.
 B = Non-inter-level travel time spent in this place.
 C = Inter-level travel time spent in this place.
 D = Time resting spent in this place.
 E = Time spent auto-exploring this place.
 F = Levels seen in this place.
 G = Mean time per level.
                   A        B        C        D        E       F      G
               +--------+--------+--------+--------+--------+-----+--------+
         Total |   1314 |   1248 |     66 |      0 |   1137 |   2 |  657.0 |
       Dungeon |   1314 |   1248 |     66 |      0 |   1137 |   2 |  657.0 |
               +--------+--------+--------+--------+--------+-----+--------+

Top non-repeatable levels by time:
     D:1: 1272 daAuts
     D:2: 42 daAuts
